 Dungeon Crawl Stone Soup version 0.31.0-11-ge490571c62 (webtiles) character file.

Game seed: 5041711707666836599

28 sanka the Changeling (level 3, -2/26 HPs)
             Began as a Merfolk Shapeshifter on Feb 3, 2024.
             Slain by a frilled lizard (3 damage)
             ... on level 2 of the Dungeon.
             The game lasted 00:00:57 (1014 turns).

sanka the Changeling (Merfolk Shapeshifter)         Turns: 1014, Time: 00:00:58

Health: -2/26      AC:  2    Str: 14    XL:     3   Next: 12%
Magic:  3/3        EV: 12    Int:  9    God:
Gold:   22         SH:  0    Dex: 15    Spells: 2/2 levels left

rFire   . .          .
                       - Unarmed
rCold   . . .        (no shield)
rNeg    . . .        a - +0 animal skin
rPois   .            (helmet currently unavailable)
rElec   .            (cloak currently unavailable)
rCorr   .            (gloves currently unavailable)
SInv    .            (boots currently unavailable)
Will    .....        (no amulet)
Stlth   +            (no ring)
HPRegen 0.24/turn    (no ring)
MPRegen 0.08/turn

%: no passive effects
@: beast-form
A: beast (slay +3), (nimble swimmer 2), mertail
a: Begin Untransformation


You were on level 2 of the Dungeon.
You were a hulking beast.
You visited 1 branch of the dungeon, and saw 2 of its levels.

You collected 22 gold pieces.


Innate Abilities, Weirdness & Mutations

You are a hulking beast.
Your limbs bulge with bestial killing power. (Slay +3)
((You are very nimble when in or above water. (Stealth+, EV+, Speed+++)))
Your lower body shifts to a powerful aquatic tail in water.


   Skills:
 - Level 1.1 Fighting
 - Level 2.6 Dodging
 - Level 3.2 Unarmed Combat
 + Level 5.3 Shapeshifting


You had 2 spell levels left.
You didn't know any spells.
Your spell library was empty.

Inventory:

Armour
 a - a +0 animal skin (worn)
Talismans
 c - a beast talisman
 d - a flux talisman
Scrolls
 e - a scroll of immolation {unknown}
 j - a scroll of fog {unknown}
 k - a scroll of silence {unknown}
 l - a scroll of enchant weapon {unknown}
 m - 2 scrolls of identify {unknown}
Potions
 b - a potion of lignification {!q}
 f - a potion of heal wounds {unknown}
 g - 2 potions of curing {unknown}
 h - a potion of degeneration {unknown}
 i - a potion of brilliance {unknown}

Dungeon Overview and Level Annotations

Branches:
Dungeon (2/15)

Altars:
Trog

Annotations:
D:2 Natasha

.▒.▒▒▒....▒ ..........▒
.. ▒▒.▒▒▒▒...▒▒▒▒▒▒ ▒.
...▒.........▒▒. ..
▒▒▒▒.........▒ .▒.
▒.........▒ ...
▒▒▒▒)..▒▒▒▒ ▒5▒ ▒
▒▒.▒...▒ ▒h▒ ▒▒
▒▒▒▒......▒▒▒▒▒▒h▒...▒▒
+................l...>..
▒▒.........▒▒▒▒▒.▒..)▒▒▒
▒▒.▒▒.▒.▒▒.▒ ▒.▒▒.▒▒
▒.▒.......▒ ▒.. .▒
▒.▒.......▒ ▒..▒ .
▒<▒.._....▒ ▒.▒▒ ▒
▒.........▒ ▒..
▒.▒.......▒ ▒.


You could see Natasha, a cerulean imp (summoned) and a frilled lizard.


Message History

You hit Natasha.
Natasha is heavily wounded.
The cerulean imp hits you but does no damage.
Natasha casts a spell at you. The magic dart hits you.
The frilled lizard bites you.
* * * LOW HITPOINT WARNING * * *
You closely miss Natasha.
Natasha is heavily wounded.
The cerulean imp hits you from afar with a +0 spear.
* * * LOW HITPOINT WARNING * * *
Natasha stares at you and mumbles some strange words.
The magic dart hits you.
* * * LOW HITPOINT WARNING * * *
The frilled lizard closely misses you.
You hit Natasha. Your punch misses Natasha.
Natasha is almost dead.
The cerulean imp hits you from afar with a +0 spear.
* * * LOW HITPOINT WARNING * * *
The frilled lizard bites you.
* * * LOW HITPOINT WARNING * * *
Natasha casts a spell at you. The magic dart hits you.
* * * LOW HITPOINT WARNING * * *
You hit Natasha.
Natasha is almost dead.
The cerulean imp hits you but does no damage.
The frilled lizard bites you.
You die...

Action                     || total
---------------------------++-------
  Melee: Unarmed           ||    64
         Punch             ||     1
   Stab: Sleeping          ||     2
 Armour: Animal skin       ||    33
  Dodge: Dodged            ||    40

Levels and vault maps discovered:
D:1:      eino_arrival_water_cross, layout_basic
D:2:      layout_loops_corners, basic_altar, uniq_crazy_yiuf_cottage,
          uniq_natasha, uniq_robin

Notes
Turn   | Place    | Note
-------+----------+-------------------------------------------
     0 | D:1      | sanka the Merfolk Shapeshifter began the quest for the Orb.
     0 | D:1      | Reached XP level 1. HP: 15/15 MP: 1/1
   159 | D:1      | Reached XP level 2. HP: 17/21 MP: 2/2
   344 | D:1      | Reached skill level 5 in Shapeshifting
   710 | D:1      | Reached XP level 3. HP: 20/26 MP: 3/3
   940 | D:2      | Found a bloodstained altar of Trog.
  1007 | D:2      | Noticed Natasha
  1013 | D:2      | HP: 1/26 [Natasha/magic dart (5)]
  1014 | D:2      | Slain by a frilled lizard

Vanquished Creatures
  3 dart slugs (D:1)
  2 endoplasms (D:1)
  A giant cockroach (D:1)
  A goblin (D:2)
  2 hobgoblins (D:1)
  2 quokkas (D:1)
  2 ball pythons (D:1)
  3 bats
  A frilled lizard (D:1)
  3 kobolds (D:1)
  2 rats (D:1)
22 creatures vanquished.
